 Dungeon Crawl Stone Soup version 0.23.2-30-g0e89c35649 (webtiles) character file.

Game seed: 18422347471877947479

3992 Folque the Zephyrmancer (level 10, -4/59 HPs)
             Began as a Tengu Air Elementalist on June 21, 2019.
             Was a Follower of Sif Muna.
             Slain by a centaur zombie (7 damage)
             ... on level 7 of the Dungeon.
             The game lasted 00:31:10 (7198 turns).

Folque the Zephyrmancer (Tengu Air Elementalist)    Turns: 7198, Time: 00:31:11

Health: -4/59      AC:  2    Str:  8    XL:     10   Next: 23%
Magic:  1/22       EV: 16    Int: 19    God:    Sif Muna [*.....]
Gold:   212        SH:  0    Dex: 17    Spells: 13/24 levels left

rFire    . . .     SeeInvis .   i - +5 war axe of Wysti {freeze, Dex+2}
rCold    . . .     Gourm    .   (no shield)
rNeg     . . .     Faith    +   a - +0 robe
rPois    .         Spirit   .   (helmet restricted)
rElec    .         Reflect  .   (no cloak)
rCorr    .         Harm     .   (no gloves)
MR       .....                  (boots unavailable)
Stlth    ++........             B - amulet of faith
HPRegen  0.19/turn              (no ring)
MPRegen  0.18/turn              (no ring)

@: marked, very slightly contaminated, divine energy
A: beak, talons 3, able to fly
a: Fly, Stop Divine Energy, Renounce Religion


You were on level 7 of the Dungeon.
You worshipped Sif Muna.
Sif Muna was aware of your devotion.
You were very hungry.

You visited 2 branches of the dungeon, and saw 8 of its levels.
You also visited: Ossuary.

You collected 212 gold pieces.

Inventory:

Hand Weapons
 g - a +1 mace
 i - the +5 war axe of Wysti (weapon) {freeze, Dex+2}
   (You took it off an orc on level 4 of the Dungeon)

   It has been specially enchanted to freeze those struck by it, causing extra
   injury to most foes and up to half again as much damage against particularly
   susceptible opponents.
   It can also slow down cold-blooded creatures.
   It affects your dexterity (+2).
 r - a +0 hand axe of flaming
 D - a +1 dagger of venom
Armour
 a - a +0 robe (worn)
Magical Staves
 f - an uncursed staff of power {unknown}
Jewellery
 u - a +3 ring of evasion {unknown}
 A - an uncursed ring of see invisible {unknown}
 B - an amulet of faith (around neck)
 H - an uncursed ring of wizardry
Wands
 t - a wand of acid (11)
 F - a wand of polymorph (9)
Scrolls
 d - 5 scrolls of teleportation {unknown}
 l - 2 scrolls of noise {unknown}
 m - 4 scrolls of identify
 n - 6 scrolls of remove curse
 o - a scroll of enchant armour {unknown}
 v - 2 scrolls of enchant weapon
 y - a scroll of fog {unknown}
 z - a scroll of torment {unknown}
 I - a scroll of immolation {unknown}
Potions
 b - 2 potions of berserk rage {unknown}
 e - 3 potions of haste {unknown}
 h - 2 potions of invisibility {unknown}
 j - 3 potions of mutation
 p - a potion of magic {unknown}
 q - 3 potions of degeneration {unknown}
 s - 3 potions of curing {unknown}
 w - a potion of cancellation {unknown}
 x - a potion of flight {unknown}
 C - a potion of might {unknown}
 E - a potion of agility {unknown}
Comestibles
 c - 10 rations
 G - a chunk of flesh


   Skills:
 + Level 5.4 Fighting
 - Level 6.0 Dodging
 - Level 2.0 Stealth
 + Level 7.6 Spellcasting
 - Level 3.2 Conjurations
 + Level 10.3 Air Magic
 * Level 4.7 Invocations


You had 13 spell levels left.
You knew the following spells:

 Your Spells              Type           Power        Failure   Level  Hunger
a - Shock                 Conj/Air       ####         1%          1    None
b - Swiftness             Chrm/Air       ####....     1%          2    None
c - Static Discharge      Conj/Air       ####....     1%          3    #......
d - Lightning Bolt        Conj/Air       ####......   16%         5    #####..

Your spell library contained the following spells:

 Spells                   Type           Power        Failure   Level  Hunger
 Airstrike                Air            #####.....   1%          4    ###....
 Confusing Touch          Hex            #.....       10%         1    None
 Confuse                  Hex            #.......     28%         3    #......
 Gell's Gravitas          Tloc           #.........   28%         3    #......
 Petrify                  Tmut/Erth      #.......     67%         4    ###....
 Metabolic Englaciation   Hex/Ice        #.........   95%         5    #####..
 Yara's Violent Unravell  Hex/Tmut       #.........   95%         5    #####..


Dungeon Overview and Level Annotations

Branches:
Dungeon (7/15)             Temple (1/1) D:5

Altars:
Ashenzari
Cheibriados
Dithmenos
Elyvilon
Fedhas
Gozag
Hepliaklqana
Kikubaaqudgha
Makhleb
Nemelex Xobeh
Okawaru
Qazlal
Ru
Sif Muna
Trog
Uskayaw
Vehumet
Wu Jian
Xom
Yredelemnul
Zin
The Shining One

Shops:
D:4 *((*!   D:5 (   D:7 (

Annotations:
D:7 1 transporter


Innate Abilities, Weirdness & Mutations

You have a beak for a mouth.
You have claws for feet.
You can fly continuously.


Message History

The ogre is struck by an arc of lightning.
The ogre is moderately wounded.
Something is struck by an arc of lightning.
The lightning grounds out.
The adder skeleton is struck by an arc of lightning!
The adder skeleton is severely damaged.
You are struck by an arc of lightning.
The lightning grounds out.
The howler monkey misses you. The adder skeleton closely misses you.
The howler monkey hits you.
You hit the adder skeleton.
You destroy the adder skeleton!
Sif Muna accepts your kill.
You barely miss the howler monkey. You closely miss the ogre.
The ogre hits you with a +0 giant club!!
* * * LOW HITPOINT WARNING * * *
The howler monkey barely misses you. The centaur zombie barely misses you.
The howler monkey hoots and howls with incredible vigour!
The centaur zombie hits you!
You die...

#.........#÷# #..#####..#.#
#..#?![#..#.# #..#$$%#[.#..
#..#?/Z#..##. #..#####..#
#. #.........## #
#........h.######.#.#P./.P
######..#OYhZ@......###+###
##.##########..#≈...≈# #O##
#.#≈...≈# #..## #.#≈...≈#
##..# #.#≈.♣.≈# ##Z##
###h#≈...≈#
#Y.######.).#;...;#
##h...##.O#.#;...≈#
#....#>.##.###+###


You could see an ice beast, an ogre, 2 howler monkeys and a centaur zombie.

Vanquished Creatures
  Harold (D:7)
  Pikel (D:4)
  A wraith (Ossuary)
  Eustachio (D:4)
  Purgy (D:4)
  An ice beast (D:5)
  2 orc warriors (D:6)
  A necrophage (D:6)
  2 eyes of draining (D:4)
  5 ogres
  A centaur (D:5)
  3 bullfrogs
  2 scorpions
  3 killer bees (D:7)
  4 crimson imps
  2 bullfrog zombies
  A jelly (D:6)
  A bullfrog skeleton (D:4)
  A gnoll shaman (D:5)
  2 hounds (D:5)
  4 orc priests
  3 orc wizards
  3 iguanas
  4 worker ants
  A mummy (Ossuary)
  5 gnolls (D:5)
  9 adders
  2 oozes (D:4)
  An adder skeleton (D:7)
  An adder zombie (D:5)
  3 worms
  6 dart slugs
  4 leopard geckos (D:4)
  21 orcs
  10 bats
  6 giant cockroaches
  10 goblins
  10 hobgoblins
  14 jackals
  8 kobolds
  4 quokkas
  3 ball pythons
  5 frilled lizards
  7 gnoll skeletons (Ossuary)
  9 kobold skeletons (Ossuary)
  A leopard gecko zombie (D:5)
  9 orc skeletons (Ossuary)
  An orc zombie (D:5)
  7 rats
207 creatures vanquished.

Vanquished Creatures (others)
  An orc priest (D:4)
1 creature vanquished.

Grand Total: 208 creatures vanquished

Notes
Turn   | Place    | Note
-------+----------+-------------------------------------------
     0 | D:1      | Folque the Tengu Air Elementalist began the quest for the
                  | Orb.
     0 | D:1      | Reached XP level 1. HP: 10/10 MP: 4/4
   124 | D:1      | Reached XP level 2. HP: 8/15 MP: 1/6
   291 | D:1      | Found a sparkling altar of Nemelex Xobeh.
   375 | D:1      | Reached XP level 3. HP: 12/19 MP: 2/8
   623 | D:1      | Learned a level 2 spell: Swiftness
   627 | D:1      | Learned a level 3 spell: Static Discharge
  1001 | D:2      | Reached XP level 4. HP: 11/24 MP: 2/9
  1838 | D:2      | Reached skill level 5 in Air Magic
  2097 | D:3      | Gained mutation: You can fly continuously. [Tengu growth]
  2097 | D:3      | Reached XP level 5. HP: 19/28 MP: 11/11
  2293 | D:3      | Learned a level 5 spell: Lightning Bolt
  2796 | D:4      | Reached skill level 1 in Fighting
  3084 | D:4      | Noticed an eye of draining
  3085 | D:4      | Found a bloodstained altar of Trog.
  3085 | D:4      | Noticed an eye of draining
  3097 | D:4      | Reached XP level 6. HP: 34/34 MP: 10/12
  3114 | D:4      | Killed an eye of draining
  3126 | D:4      | Killed an eye of draining
  3126 | D:4      | Reached skill level 6 in Air Magic
  3287 | D:4      | Reached XP level 7. HP: 34/40 MP: 9/14
  3382 | D:4      | Found Qadanidd's Weapon Shoppe.
  3414 | D:4      | Found Vifa's Weapon Boutique.
  3487 | D:4      | Found Kurro's Distillery.
  3595 | D:4      | Found Nosmaf's General Store.
  3700 | D:4      | Noticed Pikel
  3707 | D:4      | Killed Pikel
  3707 | D:4      | Reached skill level 5 in Spellcasting
  3707 | D:4      | Reached skill level 8 in Air Magic
  3707 | D:4      | Reached XP level 8. HP: 25/46 MP: 0/17
  3795 | D:4      | Identified the +5 war axe of Wysti {freeze, Dex+2}
  3891 | D:4      | Found Jalang's General Store.
  3943 | D:4      | Noticed Purgy
  3943 | D:4      | Noticed Eustachio
  4077 | D:4      | Killed Purgy
  4166 | D:4      | Killed Eustachio
  4377 | D:5      | Entered Level 5 of the Dungeon
  4383 | D:5      | Reached skill level 9 in Air Magic
  4503 | D:5      | Reached skill level 5 in Dodging
  4624 | D:5      | Found a staircase to the Ecumenical Temple.
  4636 | D:5      | Found Jeru's Antique Weapon Emporium.
  4646 | D:5      | Reached XP level 9. HP: 28/51 MP: 13/19
  4656 | Temple   | Entered the Ecumenical Temple
  4669 | Temple   | Became a worshipper of Sif Muna the Loreminder
  4979 | D:5      | Found a sand-covered staircase.
  5006 | Ossuary  | Entered an ossuary
  5518 | D:5      | Reached skill level 1 in Invocations
  6536 | D:6      | Reached * piety under Sif Muna
  7031 | D:7      | Found Nuafukit's Weapon Shoppe.
  7083 | D:7      | Found a transporter.
  7088 | D:7      | Reached skill level 5 in Fighting
  7089 | D:7      | Reached skill level 10 in Air Magic
  7089 | D:7      | Reached XP level 10. HP: 49/59 MP: 10/22
  7158 | D:7      | Noticed Harold
  7173 | D:7      | Killed Harold
  7198 | D:7      | Slain by a centaur zombie

Skill      XL: |  1  2  3  4  5  6  7  8  9 10 |
---------------+-------------------------------+-----
Conjurations   | 2 3 |  3.2
Spellcasting   | 3 4 5 6 7 |  7.6
Air Magic      | 5 6 8 9 10 | 10.3
Fighting       | 1 2 3 5 |  5.4
Dodging        | 5 6 |  6.0
Invocations    | 3 4 |  4.7
Stealth        | |  2.0

Action                   |  1- 3 |  4- 6 |  7- 9 | 10-12 || total
-------------------------+-------+-------+-------+-------++-------
Melee: Mace              |    33 |    41 |       |       ||    74
       Kick              |     4 |    26 |    27 |       ||    57
       Peck              |     3 |    17 |    21 |     1 ||    42
       Hand axe          |       |    73 |    28 |       ||   101
       War axe           |       |       |   135 |     2 ||   137
Throw: Throwing net      |       |     1 |       |       ||     1
 Cast: Shock             |    33 |    32 |    81 |       ||   146
       Static Discharge  |     2 |     8 |    11 |     3 ||    24
       Swiftness         |       |     1 |     1 |       ||     2
       Lightning Bolt    |       |       |    17 |     4 ||    21
Invok: Divine Energy     |       |       |       |     1 ||     1
  Use: Scroll            |       |     4 |       |       ||     4
       Potion            |       |       |     2 |     1 ||     3
 Stab: Sleeping          |     3 |     5 |       |       ||     8
  Eat: Chunk             |     1 |     8 |    18 |     1 ||    28
Armor: Robe              |     9 |    11 |    13 |       ||    33
Dodge: Dodged            |    32 |    83 |   169 |    14 ||   298
